| TOP OF THE 1ST |
|
Detroit Tigers batting - Pitching for Minnesota Twins : RHP Ted Mosley
|
|
Pitching: RHP Ted Mosley
|
|
|
Batting: LHB Dave Carlisle
|
0-0: Called Strike 0-1: Ball 1-1: Swinging Strike 1-2: Foul Ball, location: 2F 1-2: Ball 2-2: Foul Ball, location: 2F 2-2: SINGLE (Groundball, 4MS, EV 63.1 MPH) (infield hit)
|
|
Batting: RHB Victor Quinones
|
0-0: Ball 1-0: DOUBLE (Line Drive, 7LM, EV 100.0 MPH) Dave Carlisle to third
|
|
Batting: LHB Conrad Taylor
|
0-0: DOUBLE (Line Drive, 5D, EV 107.5 MPH) Dave Carlisle scores Victor Quinones scores
|
|
Batting: RHB Chris Wheatley
|
0-0: Ball 1-0: Called Strike 1-1: Swinging Strike 1-2: Ball 2-2: Ground out U3 (Groundball, 23, EV 85.0 MPH) Conrad Taylor to third
|
|
Batting: SHB Adam Weber
|
0-0: Ball 1-0: Called Strike 1-1: Swinging Strike 1-2: Ball 2-2: Foul Ball, location: 2F 2-2: Strikes out swinging
|
|
Batting: RHB Andres Leon
|
0-0: Ball 1-0: Ground out 4-3 (Groundball, 4MS, EV 85.6 MPH)
|
| Top of the 1st over - 2 runs, 3 hits, 0 errors, 1 left on base; Detroit 2 - Minnesota 0 |
| BOTTOM OF THE 1ST |
|
Minnesota Twins batting - Pitching for Detroit Tigers : RHP Eric Putnam
|
|
Pitching: RHP Eric Putnam
|
|
|
Batting: LHB Peer Derks
|
0-0: Ball 1-0: Ball 2-0: Called Strike 2-1: Foul Ball, location: 2F 2-2: Foul Ball, location: 2F 2-2: Ground out 6-3 (Groundball, 6, EV 85.0 MPH)
|
|
Batting: RHB Will Leslie
|
0-0: Called Strike 0-1: Called Strike 0-2: Strikes out swinging
|
|
Batting: RHB Greg Harman
|
0-0: SINGLE (Line Drive, 6M, EV 96.2 MPH)
|
|
Batting: RHB Miguel Gonzalez
|
0-0: Ball 1-0: SINGLE (Groundball, 13, EV 80.6 MPH) (infield hit) Greg Harman to second
|
|
Batting: LHB Ryan Flynn Jr.
|
0-0: Called Strike 0-1: Ball 1-1: SINGLE (Flyball, 78S, EV 93.8 MPH) Greg Harman to third Miguel Gonzalez to second
|
|
Batting: RHB Miguel Diaz
|
0-0: Ball 1-0: Ball 2-0: Called Strike 2-1: Ball 3-1: Base on Balls Greg Harman scores Miguel Gonzalez to third Ryan Flynn Jr. to second
|
|
Batting: LHB Harris Vink
|
0-0: Called Strike 0-1: SINGLE (Line Drive, 78M, EV 105.6 MPH) Miguel Gonzalez scores Ryan Flynn Jr. to third Miguel Diaz to second Runner from 3rd tries for Home, SAFE, throw by CF to home
|
|
Batting: RHB Matt Dunn
|
0-0: Called Strike 0-1: Called Strike 0-2: Ball Wild Pitch! Miguel Diaz to third Harris Vink to second 1-2: Strikes out swinging
|
| Bottom of the 1st over - 3 runs, 4 hits, 0 errors, 2 left on base; Detroit 2 - Minnesota 3 |
| TOP OF THE 2ND |
|
Detroit Tigers batting - Pitching for Minnesota Twins : RHP Ted Mosley
|
|
Batting: LHB Frank McConnell
|
0-0: Called Strike 0-1: Swinging Strike 0-2: Strikes out swinging
|
|
Batting: RHB Dan Becvar
|
0-0: Called Strike 0-1: Ground out 6-3 (Groundball, 6, EV 99.4 MPH)
|
|
Batting: RHB Sam Saunders
|
0-0: Ball 1-0: Ball 2-0: Called Strike 2-1: Ball 3-1: Fly out, F7 (Flyball, 7, EV 86.9 MPH)
|
| Top of the 2nd over - 0 runs, 0 hits, 0 errors, 0 left on base; Detroit 2 - Minnesota 3 |
| BOTTOM OF THE 2ND |
|
Minnesota Twins batting - Pitching for Detroit Tigers : RHP Eric Putnam
|
|
Batting: RHB Alex Sandoval
|
0-0: Called Strike 0-1: Ball 1-1: Swinging Strike 1-2: Strikes out swinging
|
|
Batting: LHB Peer Derks
|
0-0: Called Strike 0-1: Swinging Strike 0-2: Strikes out swinging
|
|
Batting: RHB Will Leslie
|
0-0: Called Strike 0-1: Foul Ball, location: 2F 0-2: Strikes out looking
|
| Bottom of the 2nd over - 0 runs, 0 hits, 0 errors, 0 left on base; Detroit 2 - Minnesota 3 |
| TOP OF THE 3RD |
|
Detroit Tigers batting - Pitching for Minnesota Twins : RHP Ted Mosley
|
|
Batting: LHB Dave Carlisle
|
0-0: Foul Ball, location: 2F 0-1: Foul Ball, location: 2F 0-2: Ball 1-2: Foul Ball, location: 2F 1-2: Foul Ball, location: 2F 1-2: Fly out, F8 (Flyball, 8RS, EV 80.0 MPH)
|
|
Batting: RHB Victor Quinones
|
0-0: Ground out 5-3 (Groundball, 56S, EV 74.4 MPH)
|
|
Batting: LHB Conrad Taylor
|
0-0: DOUBLE (Line Drive, 89D, EV 110.6 MPH)
|
|
Batting: RHB Chris Wheatley
|
0-0: Ball 1-0: Called Strike 1-1: Swinging Strike 1-2: Ball 2-2: Ground out 3-1 (Groundball, 34, EV 79.4 MPH)
|
| Top of the 3rd over - 0 runs, 1 hit, 0 errors, 1 left on base; Detroit 2 - Minnesota 3 |
| BOTTOM OF THE 3RD |
|
Minnesota Twins batting - Pitching for Detroit Tigers : RHP Eric Putnam
|
|
Batting: RHB Greg Harman
|
0-0: Ball 1-0: Ball 2-0: Called Strike 2-1: Foul Ball, location: 2F 2-2: Ground out 6-3 (Groundball, 6, EV 76.2 MPH)
|
|
Batting: RHB Miguel Gonzalez
|
0-0: Swinging Strike 0-1: Fly out, F9 (Flyball, 89S, EV 90.0 MPH)
|
|
Batting: LHB Ryan Flynn Jr.
|
0-0: Called Strike 0-1: Foul Ball, location: 2F 0-2: Ball 1-2: Strikes out swinging
|
| Bottom of the 3rd over - 0 runs, 0 hits, 0 errors, 0 left on base; Detroit 2 - Minnesota 3 |
| TOP OF THE 4TH |
|
Detroit Tigers batting - Pitching for Minnesota Twins : RHP Ted Mosley
|
|
Batting: SHB Adam Weber
|
0-0: Ball 1-0: Called Strike 1-1: Swinging Strike 1-2: Foul Ball, location: 2F 1-2: Ground out 1-3 (Groundball, 34S, EV 66.9 MPH)
|
|
Batting: RHB Andres Leon
|
0-0: Ball 1-0: Ball 2-0: Ball 3-0: Called Strike 3-1: Ground out 5-3 (Groundball, 56S, EV 90.0 MPH)
|
|
Batting: LHB Frank McConnell
|
0-0: Called Strike 0-1: Ball 1-1: Ball 2-1: Ball 3-1: Base on Balls
|
|
Batting: RHB Dan Becvar
|
0-0: Called Strike 0-1: DOUBLE (Line Drive, 89D, EV 111.2 MPH) Frank McConnell to third Runner from 3rd tries for Home, throw by RF and OUT! 9-4-2
|
| Top of the 4th over - 0 runs, 1 hit, 0 errors, 1 left on base; Detroit 2 - Minnesota 3 |
| BOTTOM OF THE 4TH |
|
Minnesota Twins batting - Pitching for Detroit Tigers : RHP Eric Putnam
|
|
Batting: RHB Miguel Diaz
|
0-0: Ball 1-0: Ball 2-0: Ball 3-0: Called Strike 3-1: Foul Ball, location: 2F 3-2: Foul Ball, location: 2F 3-2: Base on Balls
|
|
Batting: LHB Harris Vink
|
0-0: Called Strike 0-1: Ball 1-1: Swinging Strike 1-2: Fly out, F9 (Line Drive, 89D, EV 92.5 MPH)
|
|
Batting: RHB Matt Dunn
|
0-0: Called Strike 0-1: Ball 1-1: Ball 2-1: Ball 3-1: Base on Balls Miguel Diaz to second
|
|
Batting: RHB Alex Sandoval
|
0-0: Ball 1-0: Called Strike 1-1: Called Strike 1-2: Ball 2-2: Foul Ball, location: 2F 2-2: Ball 3-2: Strikes out swinging
|
|
Batting: LHB Peer Derks
|
0-0: Ball 1-0: Foul Ball, location: 2F 1-1: Fielders Choice at 2nd, 6-4 (Groundball, 6, EV 78.1 MPH)
|
| Bottom of the 4th over - 0 runs, 0 hits, 0 errors, 2 left on base; Detroit 2 - Minnesota 3 |
| TOP OF THE 5TH |
|
Detroit Tigers batting - Pitching for Minnesota Twins : RHP Ted Mosley
|
|
Batting: RHB Sam Saunders
|
0-0: Ball 1-0: Called Strike 1-1: Ground out 5-3 (Groundball, 56, EV 85.6 MPH)
|
|
Batting: LHB Dave Carlisle
|
0-0: SINGLE (Line Drive, 6D, EV 93.8 MPH)
|
|
Batting: RHB Victor Quinones
|
0-0: Ball 1-0: Fly out, F8 (Flyball, 8LD, EV 104.4 MPH)
|
|
Batting: LHB Conrad Taylor
|
0-0: Called Strike 0-1: SINGLE (Line Drive, 7LS, EV 103.8 MPH) Dave Carlisle to second
|
|
Batting: RHB Chris Wheatley
|
0-0: Ball 1-0: Swinging Strike 1-1: Ball 2-1: Ball 3-1: Base on Balls Dave Carlisle to third Conrad Taylor to second
|
|
Batting: SHB Adam Weber
|
0-0: Swinging Strike 0-1: Ball 1-1: Foul Ball, location: 2F 1-2: Ball 2-2: Fly out, F7 (Line Drive, 7, EV 103.1 MPH)
|
| Top of the 5th over - 0 runs, 2 hits, 0 errors, 3 left on base; Detroit 2 - Minnesota 3 |
| BOTTOM OF THE 5TH |
|
Minnesota Twins batting - Pitching for Detroit Tigers : RHP Eric Putnam
|
|
Batting: RHB Will Leslie
|
0-0: Ball 1-0: Ball 2-0: Ball 3-0: Called Strike 3-1: Base on Balls
|
|
Batting: RHB Greg Harman
|
0-0: Grounds into double play, 1-6-3 (Groundball, 13, EV 62.5 MPH)
|
|
Batting: RHB Miguel Gonzalez
|
0-0: Foul Ball, location: 2F 0-1: Foul Ball, location: 2F 0-2: Ball 1-2: Ball 2-2: Strikes out swinging, 2-3 out at first.
|
| Bottom of the 5th over - 0 runs, 0 hits, 0 errors, 0 left on base; Detroit 2 - Minnesota 3 |
| TOP OF THE 6TH |
|
Detroit Tigers batting - Pitching for Minnesota Twins : RHP Ted Mosley
|
|
Batting: RHB Andres Leon
|
0-0: Ball 1-0: Called Strike 1-1: Ball 2-1: Ground out 4-3 (Groundball, 13, EV 88.8 MPH)
|
|
Batting: LHB Frank McConnell
|
0-0: Called Strike 0-1: Swinging Strike 0-2: Ball 1-2: Foul Ball, location: 2F 1-2: Ball 2-2: Foul Ball, location: 2F 2-2: Ball 3-2: Base on Balls
|
|
Batting: RHB Dan Becvar
|
0-0: Ball 1-0: Foul Ball, location: 2F 1-1: Ball 2-1: SINGLE (Groundball, 34D, EV 108.8 MPH) Frank McConnell to second Runner from 2nd tries for 3rd, SAFE, throw by RF made to third Dan Becvar to second
|
|
Batting: RHB Sam Saunders
|
0-0: Ball 1-0: Swinging Strike 1-1: Foul Ball, location: 2F 1-2: Strikes out swinging
|
|
Pitching: RHP Andrew Kindig
|
|
|
Batting: LHB Dave Carlisle
|
0-0: Called Strike 0-1: Ground out 5-3 (Groundball, 56, EV 82.5 MPH)
|
| Top of the 6th over - 0 runs, 1 hit, 0 errors, 2 left on base; Detroit 2 - Minnesota 3 |
| BOTTOM OF THE 6TH |
|
Minnesota Twins batting - Pitching for Detroit Tigers : RHP Eric Putnam
|
|
Batting: LHB Ryan Flynn Jr.
|
0-0: Ground out 6-3 (Groundball, 6M, EV 93.1 MPH)
|
|
Batting: RHB Miguel Diaz
|
0-0: Ball 1-0: Ground out 6-3 (Groundball, 6MD, EV 100.6 MPH)
|
|
Batting: LHB Harris Vink
|
0-0: Ball 1-0: Ball 2-0: Ball 3-0: Base on Balls
|
|
Batting: RHB Matt Dunn
|
0-0: SINGLE (Flyball, 34D, EV 93.8 MPH) Harris Vink to second Runner from 2nd tries for 3rd, SAFE, throw by RF made to third
|
|
Batting: RHB Alex Sandoval
|
0-0: Foul Ball, location: 2F 0-1: Ball 1-1: Foul Ball, location: 2F 1-2: Ball 2-2: Strikes out swinging
|
| Bottom of the 6th over - 0 runs, 1 hit, 0 errors, 2 left on base; Detroit 2 - Minnesota 3 |
| TOP OF THE 7TH |
|
Detroit Tigers batting - Pitching for Minnesota Twins : RHP Andrew Kindig
|
|
Batting: RHB Victor Quinones
|
0-0: Ground out 6-3 (Groundball, 6, EV 83.8 MPH)
|
|
Batting: LHB Conrad Taylor
|
0-0: Ball 1-0: Ball 2-0: Ball 3-0: Called Strike 3-1: SINGLE (Groundball, 34D, EV 105.0 MPH)
|
|
Batting: RHB Chris Wheatley
|
0-0: Ball 1-0: Called Strike 1-1: Grounds into double play, 1-4-3 (Groundball, 25, EV 75.0 MPH)
|
| Top of the 7th over - 0 runs, 1 hit, 0 errors, 0 left on base; Detroit 2 - Minnesota 3 |
| BOTTOM OF THE 7TH |
|
Minnesota Twins batting - Pitching for Detroit Tigers : RHP Eric Putnam
|
|
Batting: LHB Peer Derks
|
0-0: Ball 1-0: Swinging Strike 1-1: Ball 2-1: Ground out U3 (Groundball, 3, EV 79.4 MPH)
|
|
Batting: RHB Will Leslie
|
0-0: Ball 1-0: Swinging Strike 1-1: Foul Ball, location: 2F 1-2: Fly out, F8 (Flyball, 8LXD, EV 75.0 MPH)
|
|
Batting: RHB Greg Harman
|
0-0: Ball 1-0: SINGLE (Line Drive, 34D, EV 100.0 MPH)
|
|
Pitching: RHP Caleb Franklin
|
|
|
Batting: RHB Miguel Gonzalez
|
0-0: Called Strike 0-1: Ball 1-1: Foul Ball, location: 2F 1-2: Strikes out looking
|
| Bottom of the 7th over - 0 runs, 1 hit, 0 errors, 1 left on base; Detroit 2 - Minnesota 3 |
| TOP OF THE 8TH |
|
Detroit Tigers batting - Pitching for Minnesota Twins : RHP Andrew Kindig
|
|
Pitching: LHP Inkei Wakamatsu
|
|
|
Batting: SHB Adam Weber
|
0-0: Ground out 6-3 (Groundball, 6S, EV 70.6 MPH)
|
|
Batting: RHB Andres Leon
|
0-0: Ball 1-0: Swinging Strike 1-1: Ball 2-1: Swinging Strike 2-2: Ball 3-2: Base on Balls
|
|
Batting: LHB Frank McConnell
|
0-0: Called Strike 0-1: Ball 1-1: Ball 2-1: Fielders Choice at 2nd, 4-6 (Groundball, 4, EV 100.6 MPH)
|
|
Batting: RHB Dan Becvar
|
0-0: Called Strike 0-1: Foul Ball, location: 2F 0-2: Strikes out swinging
|
| Top of the 8th over - 0 runs, 0 hits, 0 errors, 1 left on base; Detroit 2 - Minnesota 3 |
| BOTTOM OF THE 8TH |
|
Minnesota Twins batting - Pitching for Detroit Tigers : RHP Caleb Franklin
|
|
Batting: LHB Ryan Flynn Jr.
|
0-0: Ball 1-0: Foul Ball, location: 2F 1-1: Foul Ball, location: 2F 1-2: Ball 2-2: DOUBLE (Flyball, 78D, EV 106.2 MPH)
|
|
Batting: RHB Miguel Diaz
|
0-0: Called Strike 0-1: Called Strike 0-2: Strikes out swinging
|
|
Batting: LHB Harris Vink
|
0-0: Intentional Walk
|
|
Batting: RHB Matt Dunn
|
0-0: Foul Ball, location: 2F 0-1: Ball 1-1: SINGLE (Groundball, 56, EV 94.4 MPH) Ryan Flynn Jr. to third Harris Vink to second Runner from 3rd tries for Home, throw by LF and OUT! 7-2
|
|
Pinch Hitting: LHB Per Meulengracht
|
0-0: Ball 1-0: Foul Ball, location: 2F 1-1: SINGLE (Flyball, 6MD, EV 88.1 MPH) Harris Vink to third Matt Dunn to second Runner from 3rd tries for Home, SAFE, throw by CF to home
|
|
Batting: LHB Peer Derks
|
0-0: Called Strike 0-1: Called Strike 0-2: Foul Ball, location: 2F 0-2: Ball 1-2: Strikes out looking
|
| Bottom of the 8th over - 1 run, 3 hits, 0 errors, 2 left on base; Detroit 2 - Minnesota 4 |
| TOP OF THE 9TH |
|
Detroit Tigers batting - Pitching for Minnesota Twins : LHP Inkei Wakamatsu
|
|
Pitching: RHP Tony Ramirez
|
|
|
Now at SS: Alex Rodriguez Jr.
|
|
|
Pinch Hitting: LHB Tyler Davis
|
0-0: Ball 1-0: SOLO HOME RUN (Flyball, 89XD, EV 100.0 MPH), Distance : 403 ft
|
|
Batting: LHB Dave Carlisle
|
0-0: Called Strike 0-1: Ball 1-1: Foul Ball, location: 2F 1-2: Strikes out swinging
|
|
Batting: RHB Victor Quinones
|
0-0: Called Strike 0-1: Ball 1-1: Called Strike 1-2: Strikes out swinging
|
|
Batting: LHB Conrad Taylor
|
0-0: Ball 1-0: Ball 2-0: Ball 3-0: Called Strike 3-1: Foul Ball, location: 2F 3-2: Strikes out swinging
|
| Top of the 9th over - 1 run, 1 hit, 0 errors, 0 left on base; Detroit 3 - Minnesota 4 |
|